 Dungeon Crawl Stone Soup version 0.31.0-32-g396128a36d (webtiles) character file.

Game seed: 11420815941633063786

435 chippings the Changeling (level 6, -1/51 HPs)
             Began as a Draconian Shapeshifter on Apr 16, 2024.
             Was an Initiate of Wu Jian.
             Slain by Pikel
             ... wielding a +0 whip of electrocution
              (18 damage)
             ... on level 4 of the Dungeon.
             The game lasted 00:07:42 (2940 turns).

chippings the Changeling (Draconian Shapeshifter)   Turns: 2940, Time: 00:07:42

Health: -1/51      AC: 10    Str: 17    XL:     6   Next: 68%
Magic:  6/6        EV: 12    Int: 12    God:    Wu Jian [......]
Gold:   136        SH:  0    Dex: 10    Spells: 3/5 levels left

rFire   . .          .
                       - Unarmed
rCold   . . .        (no shield)
rNeg    . . .        (body armour unavailable)
rPois   .            (helmet currently unavailable)
rElec   .            (cloak currently unavailable)
rCorr   .            (gloves currently unavailable)
SInv    .            (boots currently unavailable)
Will    .....        (no amulet)
Stlth   +            h - +4 ring of protection
HPRegen 0.28/turn    (no ring)
MPRegen 0.10/turn

%: no passive effects
@: beast-form
A: beast (slay +2), AC +6, unfitting armour, cold-blooded
a: Begin Untransformation, Renounce Religion


You were on level 4 of the Dungeon.
You worshipped Wu Jian.
Wu Jian was noncommittal.
You were a hulking beast.
You visited 2 branches of the dungeon, and saw 5 of its levels.

You collected 136 gold pieces.

Inventory:

Missiles
 d - 6 darts of dispersal
 f - 5 javelins (quivered)
Armour
 m - a +1 pair of boots
Jewellery
 h - a +4 ring of protection (left hand)
Talismans
 b - a beast talisman
 c - a flux talisman
Wands
 n - a wand of charming (8)
 q - a wand of light (7)
Scrolls
 g - a scroll of poison
 i - 3 scrolls of teleportation
 k - a scroll of enchant armour
 o - 2 scrolls of immolation
 p - 2 scrolls of enchant weapon
Potions
 e - 2 potions of attraction
 j - a potion of heal wounds
 l - a potion of curing
 r - a potion of ambrosia {unknown}


   Skills:
 + Level 3.0 Fighting
 + Level 3.0 Dodging
 + Level 4.2 Unarmed Combat
 + Level 1.8 Conjurations
 + Level 2.0 Translocations
 * Level 4.5 Shapeshifting


You had 3 spell levels left.
You knew the following spells:

 Your Spells              Type           Power      Damage    Failure   Level
a - Momentum Strike       Conj/Tloc      8%         3d8       22%         2

Your spell library contained the following spells:

 Spells                   Type           Power      Damage    Failure   Level
 Foxfire                  Conj/Fire      8%         2x1d4     22%         1
 Shock                    Conj/Air       8%         1d3       22%         1
 Gell's Gravitas          Tloc           4%         N/A       41%         3
 Teleport Other           Tloc           4%         N/A       41%         3
 Cigotuvi's Dreadful Rot  Necr/Alch/Air  0%         N/A       45%         2
 Fugue of the Fallen      Necr           0%         N/A       69%         3
 Ozocubu's Armour         Ice            0%         N/A       69%         3
 Manifold Assault         Tloc           4%         N/A       82%         4
 Vhi's Electric Charge    Tloc/Air       4%         N/A       91%         4
 Ignite Poison            Fire/Alch      0%         N/A       97%         4
 Freezing Cloud           Conj/Ice/Air   0%         6-21      100%        5
 Dispersal                Tloc           2%         N/A       100%        6
 Malign Gateway           Summ/Tloc      1%         N/A       100%        7


Dungeon Overview and Level Annotations

Branches:
Dungeon (4/15)             Temple (1/1) D:4

Altars:
Ashenzari
Dithmenos
Hepliaklqana
Makhleb
Nemelex Xobeh
Sif Muna
Trog
Uskayaw
Wu Jian
Zin

Shops:
D:1 (

Annotations:
D:4 Pikel, Sigmund


Innate Abilities, Weirdness & Mutations

You are a hulking beast.
Your limbs bulge with bestial killing power. (Slay +2)
Your plain brown scales are hard. (AC +6)
You cannot fit into any form of body armour.
You are cold-blooded and may be slowed by cold attacks.


Message History

Pikel is nearby!
There is a stone staircase leading up here.
You climb upwards.
There is a stone staircase leading down here.
You start resting.
HP restored.
You climb downwards.
Level annotation: Pikel, Sigmund
There is a stone staircase leading up here.
Pikel shouts!
Okay, then.
Okay, then.
You hit Pikel. You tail-slap Pikel. Your punch misses Pikel.
Pikel is lightly wounded.
Pikel barely misses you.
You punch Pikel!
Pikel is moderately wounded.
Pikel hits you with a +0 whip of electrocution.
You are electrocuted!
You closely miss Pikel.
Pikel is moderately wounded.
Pikel hits you but does no damage.
You barely miss Pikel.
Pikel is moderately wounded.
Pikel misses you.
You closely miss Pikel.
Pikel is moderately wounded.
Pikel closely misses you.
You hit Pikel but do no damage.
Pikel is moderately wounded.
Pikel hits you with a +0 whip of electrocution.
You closely miss Pikel. You tail-slap Pikel.
Pikel is heavily wounded.
Pikel hits you with a +0 whip of electrocution!
You hit Pikel.
Pikel is heavily wounded.
Pikel hits you with a +0 whip of electrocution.
You are electrocuted!!
You die...
Pikel says, "See you in Hell!"

#######,*
#.......##..# #.#*,,,,
.######,*
#####.......###.#*,**,
..#...#,*
#.#.#.......#*,***
..###.#,*****
#.#.#...#####*,,,,
.....,*,,,,,*
#.#.#.#.# *****
..####*****,*
#.#...#.# ..#*,,,,*
*,* #.##....# ***
..#*,**,***,*
#K....### *,,
..#*,**,,,,,* #h#...#
*,*
###*,,,,**######....>#
*,* ****,*
#....<###### *,, *,*
#.##### *** *,***,*
*,,,,,* ******* ***
*,, *,*


You could see Pikel.

Vanquished Creatures
  An orc warrior (D:4)
  A black bear (D:4)
  4 lemures (D:4)
  2 hounds (D:4)
  A sleepcap (D:4)
  2 iguanas
  An orc wizard (D:4)
  2 adders
  A dart slug (D:1)
  A ribbon worm (D:2)
  An orc (D:3)
  6 ball pythons
  8 bats
  5 endoplasms
  4 giant cockroaches
  5 goblins
  9 hobgoblins
  6 jackals
  4 quokkas
  A frilled lizard (D:3)
  4 kobolds
  8 rats
77 creatures vanquished.

Notes
Turn   | Place    | Note
-------+----------+-------------------------------------------
     0 | D:1      | chippings the Draconian Shapeshifter began the quest for
                  | the Orb.
     0 | D:1      | Reached XP level 1. HP: 16/16 MP: 1/1
    58 | D:1      | Reached XP level 2. HP: 23/23 MP: 2/2
   177 | D:1      | Found Voiwud's Weapon Emporium.
   810 | D:2      | Reached XP level 3. HP: 26/28 MP: 3/3
   952 | D:2      | Identified the +0 buckler of Wonder {rN+}
  1104 | D:2      | Got the Folio of Geometric Nephomancy
  1386 | D:3      | Found a faded altar of an unknown god.
  1611 | D:3      | Reached XP level 4. HP: 12/36 MP: 4/4
  1729 | D:3      | Learned a level 2 spell: Momentum Strike
  1765 | D:3      | Found a hazy altar of Hepliaklqana.
  2017 | D:4      | Noticed a lemure
  2017 | D:4      | Noticed a lemure
  2017 | D:4      | Noticed a lemure
  2018 | D:4      | Noticed Pikel
  2018 | D:4      | Noticed a lemure
  2126 | D:4      | Found a staircase to the Ecumenical Temple.
  2131 | Temple   | Entered the Ecumenical Temple
  2148 | Temple   | Became a worshipper of the Wu Jian Council
  2177 | D:4      | Reached skill level 1 in Translocations
  2177 | D:4      | Reached XP level 5. HP: 39/41 MP: 5/5
  2225 | D:4      | Reached skill level 1 in Conjurations
  2241 | D:4      | Found a shadowy altar of Dithmenos.
  2297 | D:4      | Noticed a black bear
  2323 | D:4      | Killed a black bear
  2324 | D:4      | Reached XP level 6. HP: 46/50 MP: 6/6
  2494 | D:4      | Found a shimmering blue altar of Sif Muna.
  2500 | D:4      | Noticed an orc warrior
  2504 | D:4      | Got Sif Muna's Tome of Red Ouranomancy
  2514 | D:4      | Killed an orc warrior
  2592 | D:4      | Found a bloodstained altar of Trog.
  2597 | D:4      | Noticed Sigmund
  2940 | D:4      | Slain by Pikel

Illustrated notes

Levels and vault maps discovered:
D:1:      scummos_arrival_forest, layout_basic, serial_shops, shop_fountains
D:2:      layout_basic
D:3:      layout_basic, general_overflow_altar,
          hellmonk_ecumenical_altar_blasted
D:4:      layout_basic, nzn_overflow_gifts_of_might_and_magic,
          mainiacjoe_overflow_small_starburst, temple_statues, uniq_sigmund,
          uniq_pikel
Temple:   nicolae_temple_superstar

Skill      XL: |  1  2  3  4  5  6 |
---------------+-------------------+-----
Dodging        | 2 3 |  3.0
Fighting       | 2 3 |  3.0
Translocations | 1 2 |  2.0
Conjurations   | 1 |  1.8
Shapeshifting  | 4 |  4.5
Unarmed Combat | 4 |  4.2

Action                     |  1- 3 |  4- 6 || total
---------------------------+-------+-------++-------
  Melee: Unarmed           |   122 |   130 ||   252
         Tailslap          |    12 |    18 ||    30
         Punch             |     3 |     6 ||     9
Ability: Lunge             |       |     1 ||     1
    Use: Scroll            |       |     6 ||     6
         Potion            |       |     4 ||     4
   Stab: Sleeping          |     3 |       ||     3
 Armour: Skin              |    63 |    69 ||   132
  Dodge: Dodged            |    78 |    69 ||   147
